 Dungeon Crawl Stone Soup version 0.17.0-57-g0e89251 (webtiles) character file.

521 seesque the Cleaver (level 7, -4/85 HPs)
             Began as a Minotaur Berserker on Dec 8, 2015.
             Was a Priest of Trog.
             Slain by a wyvern (6 damage)
             ... on level 4 of the Dungeon.
             The game lasted 00:06:13 (3084 turns).

seesque the Cleaver (Minotaur Berserker)            Turns: 3084, Time: 00:06:13

Health: -4/85      AC:  6    Str: 29    XL:     7   Next: 1%
Magic:  6/6        EV: 11    Int:  4    God:    Trog [***...]
Gold:   235        SH:  0    Dex:  9    Spells: 0 memorised, 6 levels left

rFire  . . .     SeeInvis .     a - +0 hand axe
rCold  . . .     Clarity  .     l - +0 ring mail
rNeg   . . .     SustAt   .     (no shield)
rPois  .         Gourm    .     (helmet restricted)
rElec  .         Spirit   .     n - +0 cloak
rCorr  .         Warding  .     (no gloves)
rMut   .         Stasis   .     (no boots)
MR     .....                    (no amulet)
Stlth  ..........               (no ring)
                                (no ring)

@: berserking, very quick, not resistant to hostile enchantments, extremely
unstealthy
A: retaliatory headbutt, horns 2
a: Berserk, Trog's Hand, Burn Spellbooks, Renounce Religion


You were on level 4 of the Dungeon.
You worshipped Trog.
Trog was most pleased with you.
You were not hungry.

You visited 1 branch of the dungeon, and saw 4 of its levels.

You collected 235 gold pieces.

Inventory:

Hand Weapons
 a - a +0 hand axe (weapon)
 y - a +0 morningstar of holy wrath
Armour
 b - a +0 animal skin
 l - a +0 ring mail (worn)
 n - a +0 cloak (worn)
Jewellery
 m - an uncursed ring of protection from cold {unknown}
 u - an uncursed ring of poison resistance {unknown}
Wands
 p - a wand of random effects (17)
 v - a wand of slowing (18)
Scrolls
 d - 2 scrolls of teleportation {unknown}
 e - a scroll of enchant weapon {unknown}
 f - 2 scrolls of immolation {unknown}
 h - 3 scrolls of identify {unknown}
 i - 2 scrolls of blinking {unknown}
 k - a scroll of recharging {unknown}
 s - a scroll of magic mapping {unknown}
 x - a scroll of enchant armour {unknown}
Potions
 j - a potion of resistance {unknown}
 o - a potion of heal wounds {unknown}
 q - a potion of poison {unknown}
 t - 2 potions of curing {unknown}
 w - a potion of lignification {unknown}
Comestibles
 c - 4 bread rations
 g - a meat ration
 r - 4 fruits
 z - a beef jerky


   Skills:
 - Level 3.6 Fighting
 + Level 9.4 Axes
 - Level 2.4 Armour
 - Level 2.1 Dodging
 + Level 0.8 Stealth


You had 6 spell levels left.
You didn't know any spells.

Dungeon Overview and Level Annotations

Branches:
Dungeon (4/15)
 Temple: D:4-7

Altars:
Dithmenos
Kikubaaqudgha
Ru


Innate Abilities, Weirdness & Mutations

You reflexively headbutt those who attack you in melee.
You have a pair of horns on your head.


Message History

You hit the wyvern but do no damage.
The wyvern is heavily wounded.
The wyvern bites you.
You hit the wyvern.
The wyvern is severely wounded.
The wyvern bites you!
* * * LOW HITPOINT WARNING * * *
A red film seems to cover your vision as you go berserk!
You feel yourself moving faster!
You feel mighty!
You feel quite a bit more hungry. The wyvern bites you!
* * * LOW HITPOINT WARNING * * *
The wyvern bites you!
* * * LOW HITPOINT WARNING * * *
You hit the wyvern but do no damage. Your headbutt misses the wyvern.
The wyvern is heavily wounded.
The wyvern barely misses you.
You hit the wyvern.
The wyvern is severely wounded.
The wyvern bites you.
You die... 8

#. >## #.# ######## ###
#..# ##......#####.#
#...###..........#..#
#..................#
##...).............##
#..................# #
#.....l@!..........# ##
#..................####.
..(..............<......
...................##..#
.#..######......>.####.#
### ####....## ###
######


You could see a wyvern.

Vanquished Creatures
  Sigmund (D:3)
  The ghost of seesque the Chopper, an amateur MiBe of Trog (D:3)
  A crimson imp (D:4)
  2 orc wizards (D:3)
  Jessica (D:2)
  3 adders
  3 gnolls (D:3)
  2 worms
  An adder skeleton (D:4)
  2 giant geckos (D:3)
  3 orcs (D:3)
  3 giant cockroaches
  11 goblins
  15 hobgoblins
  5 jackals
  7 kobolds
  12 bats
  A giant gecko skeleton (D:3)
  5 giant newts
  9 rats
88 creatures vanquished.

Notes
Turn   | Place    | Note
--------------------------------------------------------------
     0 | D:1      | seesque the Minotaur Berserker began the quest for the Orb.
     0 | D:1      | Reached XP level 1. HP: 19/19 MP: 0/0
    58 | D:1      | Reached skill level 4 in Axes
   237 | D:1      | Reached XP level 2. HP: 23/26 MP: 1/1
   683 | D:1      | Reached skill level 5 in Axes
   984 | D:2      | Reached XP level 3. HP: 31/31 MP: 2/2
  1013 | D:2      | Found a faded altar to an unknown god.
  1019 | D:2      | Reached ** piety under Trog
  1145 | D:2      | Noticed Jessica
  1154 | D:2      | Killed Jessica
  1201 | D:2      | Reached XP level 4. HP: 30/39 MP: 3/3
  1378 | D:2      | Reached skill level 6 in Axes
  1740 | D:3      | Reached *** piety under Trog
  1844 | D:3      | Noticed seesque's ghost (amateur MiBe)
  2002 | D:3      | Killed seesque's ghost
  2002 | D:3      | Reached skill level 7 in Axes
  2002 | D:3      | Reached XP level 5. HP: 35/45 MP: 4/4
  2336 | D:3      | Reached skill level 8 in Axes
  2336 | D:3      | Reached XP level 6. HP: 49/51 MP: 5/5
  2434 | D:3      | Found a sacrificial altar of Ru.
  2484 | D:3      | Noticed Sigmund
  2507 | D:3      | Killed Sigmund
  2507 | D:3      | Reached skill level 9 in Axes
  2559 | D:3      | Found a shadowy altar of Dithmenos.
  3011 | D:4      | Found an ancient bone altar of Kikubaaqudgha.
  3035 | D:4      | Reached XP level 7. HP: 54/57 MP: 6/6
  3070 | D:4      | Noticed a wyvern
  3082 | D:4      | HP: 2/85 [wyvern (7)]
  3084 | D:4      | Slain by a wyvern

Action                   |  1- 3 |  4- 6 |  7- 9 || total
-------------------------+-------+-------+-------++-------
Melee: Hand axe          |    69 |   128 |    11 ||   208
Invok: Berserk           |       |     2 |     1 ||     3
 Stab: Paralysed         |       |     1 |       ||     1
  Eat: Chunk             |     1 |     8 |       ||     9
